 Dungeon Crawl Stone Soup version 0.27-a0-1191-g601b473118 (webtiles) character file.

Game seed: 16353069081915328503

1756 HoaS the Grappler (level 8, -5/70 HPs)
             Began as a Troll Hunter on May 23, 2021.
             Splashed by a jelly's acid (10 damage)
             ... on level 6 of the Dungeon.
             The game lasted 00:16:35 (3726 turns).

HoaS the Grappler (Troll Hunter)                    Turns: 3726, Time: 00:16:35

Health: -5/70      AC:  2    Str: 21    XL:     8   Next: 78%
Magic:  7/7        EV: 14    Int:  7    God:
Gold:   1016       SH:  0    Dex: 12    Spells: 7/7 levels left

rFire    . . .     SeeInvis .     - Unarmed
rCold    + . .     Faith    .   (no shield)
rNeg     . . .     Spirit   .   b - +0 robe
rPois    .         Reflect  .   (helmet restricted)
rElec    .         Harm     .   n - +1 cloak {Stlth+}
rCorr    .         Rampage  .   (gloves unavailable)
Will     .....                  (boots unavailable)
Stlth    ++........             (no amulet)
HPRegen  1.21/turn              f - +4 ring of evasion
MPRegen  0.10/turn              k - ring of protection from cold

@: corroded
A: large, unfitting armour, claws 3, regeneration 1, shaggy fur 1, tough skin 1
a: no special abilities


You were on level 6 of the Dungeon.
You visited 2 branches of the dungeon, and saw 7 of its levels.

You collected 1016 gold pieces.

Inventory:

Missiles
 c - 5 large rocks
 d - 2 throwing nets (quivered)
 g - 8 poisoned darts
 s - 7 boomerangs
Armour
 b - a +0 robe (worn)
 n - a +1 cloak of stealth (worn)
 o - a scarf of repulsion
Jewellery
 f - a +4 ring of evasion (left claw)
 k - a ring of protection from cold (right claw)
Wands
 e - a wand of digging (5)
 i - a wand of polymorph (9)
 m - a wand of flame (22)
Scrolls
 q - a scroll of magic mapping
 r - 2 scrolls of identify
Potions
 a - a potion of flight
 h - 5 potions of curing
 j - 3 potions of attraction
 l - 2 potions of might


   Skills:
 - Level 1.5 Fighting
 - Level 6.0 Throwing
 - Level 1.5 Dodging
 - Level 0.3 Stealth
 * Level 10.0 Unarmed Combat


You had 7 spell levels left.
You didn't know any spells.
Your spell library contained the following spells:

 Spells                   Type           Power      Damage    Failure   Level
 Corona                   Hex            0%         N/A       43%         1
 Summon Small Mammal      Summ           0%         N/A       43%         1
 Call Imp                 Summ           0%         N/A       56%         2
 Ensorcelled Hibernation  Hex/Ice        0%         N/A       56%         2
 Call Canine Familiar     Summ           0%         N/A       80%         3
 Confusing Touch          Hex            0%         N/A       80%         3
 Dazzling Flash           Conj/Hex       0%         N/A       80%         3
 Summon Guardian Golem    Hex/Summ       0%         N/A       80%         3
 Tukima's Dance           Hex            0%         N/A       80%         3
 Summon Ice Beast         Ice/Summ       0%         N/A       99%         4
 Summon Lightning Spire   Summ/Air       0%         N/A       99%         4


Dungeon Overview and Level Annotations

Branches:
Dungeon (6/15)             Temple (1/1) D:5

Altars:
Ashenzari
Cheibriados
Dithmenos
Elyvilon
Gozag
Hepliaklqana
Makhleb
Nemelex Xobeh
Qazlal
Sif Muna
Trog
Vehumet
Xom
Zin
The Shining One
Beogh

Shops:
D:5 *

Annotations:
D:6 Eustachio


Innate Abilities, Weirdness & Mutations

You are too large for most types of armour.
You have claws for hands.
Your natural rate of healing is unusually fast.
You are covered in fur. (AC +1)
You have tough skin. (AC +1)


Message History

Eustachio is heavily wounded.
The bat closely misses you. The quokka closely misses you.
The ufetubus hits you. The ufetubus barely misses you.
You scratch Eustachio.
Eustachio is heavily wounded.
The bat barely misses you. The jelly completely misses you.
Eustachio hits you with a +0 rapier. The bat closely misses you.
The quokka barely misses you. The iron imp barely misses you.
You closely miss Eustachio.
Eustachio is heavily wounded.
The bat closely misses you. Eustachio completely misses you.
The jelly misses you. The quokka barely misses you. The iron imp hits you!
You claw Eustachio!
Eustachio is severely wounded.
The bat barely misses you.
The quokka bites you but does no damage.
The crimson imp hits you but does no damage.
Eustachio mumbles some strange words.
Eustachio blinks!
The jelly barely misses you.
You closely miss the quokka. The bat hits you but does no damage.
The bat barely misses you. The iron imp misses you.
The quokka closely misses you. The bat misses you.
The crimson imp barely misses you. The quokka closely misses you.
The jelly barely misses you.
You scratch the quokka.
You kill the quokka!
The quokka's corpse disappears in a puff of smoke!
The ufetubus disappears in a puff of smoke!
The crimson imp disappears in a puff of smoke!
The bat barely misses you. The bat closely misses you.
The quokka barely misses you. The iron imp hits you!
* * * LOW HITPOINT WARNING * * *
The jelly barely misses you.
The bat closely misses you. x2; The bat hits you but does no damage.
The quokka barely misses you. The iguana bites you!
* * * LOW HITPOINT WARNING * * *
The jelly hits you.
* * * LOW HITPOINT WARNING * * *
The acid corrodes you!
You are splashed with acid!
You die...

##+## #......# ....
#......# ...
#......# ..
#......###### ##.
#...........#
#..##....(.>)...+
#.ยง5............#
#..lb.b..[))....#
##.J@r.....)....+
#..@........)...#
......<.######.....#
.#+.##### #.....#
+.. #.....# #..
#.....# # '.....#
##.....# ........


You could see Eustachio, an iguana, a jelly, an iron imp (summoned), a quokka
(summoned) and 2 bats.

Vanquished Creatures
  Pikel (D:5)
  Edmund (D:5)
  An orc warrior (D:5)
  An ogre (D:6)
  4 lemures
  A phantom (D:4)
  Blork the orc (D:4)
  A gnoll sergeant (D:6)
  A scorpion (D:4)
  A wyvern skeleton (D:5)
  A howler monkey (D:5)
  An orc priest (D:5)
  Crazy Yiuf (D:3)
  A hound (D:5)
  A centaur skeleton (D:5)
  4 iguanas
  Ijyb (D:3)
  Natasha (thrice) (D:3)
  3 orc wizards (D:5)
  Terence (D:3)
  A hound skeleton (D:5)
  7 adders
  6 gnolls
  An adder skeleton (D:4)
  2 worms (D:4)
  2 dart slugs
  26 orcs
  4 bats
  4 endoplasms
  4 giant cockroaches
  9 goblins
  2 hobgoblins
  11 kobolds
  4 quokkas
  4 ball pythons
  4 frilled lizards
  6 rats
127 creatures vanquished.

Notes
Turn   | Place    | Note
-------+----------+-------------------------------------------
     0 | D:1      | HoaS the Troll Hunter began the quest for the Orb.
     0 | D:1      | Reached XP level 1. HP: 19/19 MP: 0/0
    53 | D:1      | Reached skill level 1 in Unarmed Combat
   158 | D:1      | Reached XP level 2. HP: 27/27 MP: 1/1
   209 | D:1      | Reached skill level 2 in Unarmed Combat
   560 | D:2      | Reached XP level 3. HP: 33/33 MP: 2/2
   771 | D:2      | Found a faded altar of an unknown god.
   845 | D:2      | Reached skill level 3 in Unarmed Combat
   919 | D:2      | Found a shadowy altar of Dithmenos.
   993 | D:3      | Noticed Ijyb
   997 | D:3      | Killed Ijyb
   998 | D:3      | Reached XP level 4. HP: 41/41 MP: 3/3
  1020 | D:3      | Found a white marble altar of Elyvilon.
  1086 | D:3      | Noticed Natasha
  1099 | D:3      | Killed Natasha
  1100 | D:3      | Reached skill level 4 in Unarmed Combat
  1119 | D:3      | Noticed Terence
  1131 | D:3      | Killed Terence
  1189 | D:3      | Found a stormy altar of Qazlal.
  1208 | D:3      | Noticed Natasha
  1219 | D:3      | Killed Natasha
  1220 | D:3      | Reached XP level 5. HP: 27/48 MP: 4/4
  1309 | D:3      | Reached skill level 5 in Unarmed Combat
  1478 | D:3      | Found a runed translucent door.
  1479 | D:3      | Noticed Crazy Yiuf
  1595 | D:3      | Noticed Natasha
  1608 | D:3      | Killed Natasha
  1659 | D:3      | Killed Crazy Yiuf
  1791 | D:4      | Reached XP level 6. HP: 52/55 MP: 5/5
  1908 | D:4      | Noticed Blork the orc
  1923 | D:4      | Killed Blork the orc
  1924 | D:4      | Reached skill level 6 in Unarmed Combat
  2283 | D:5      | Entered Level 5 of the Dungeon
  2353 | D:5      | Reached XP level 7. HP: 62/62 MP: 6/6
  2366 | D:5      | Noticed Pikel
  2400 | D:5      | Reached skill level 7 in Unarmed Combat
  2444 | D:5      | Found a staircase to the Ecumenical Temple.
  2483 | Temple   | Entered the Ecumenical Temple
  2747 | D:5      | Killed Pikel
  2748 | D:5      | Reached skill level 5 in Throwing
  2748 | D:5      | Reached skill level 8 in Unarmed Combat
  2748 | D:5      | Reached XP level 8. HP: 66/70 MP: 7/7
  2761 | D:5      | Found a shimmering blue altar of Sif Muna.
  3067 | D:5      | Found a glowing silver altar of Zin.
  3165 | D:5      | Found Hipsudir's Elemental Accessories.
  3165 | D:5      | Noticed Edmund
  3173 | D:5      | Killed Edmund
  3174 | D:5      | Reached skill level 9 in Unarmed Combat
  3361 | D:5      | Found a runed translucent door.
  3558 | D:5      | Identified a scroll of acquirement
  3558 | D:5      | Acquired 708 gold pieces
  3697 | D:6      | Reached skill level 10 in Unarmed Combat
  3705 | D:6      | Noticed Eustachio
  3726 | D:6      | Splashed by a jelly's acid

Illustrated notes

Levels and vault maps discovered:
D:1:      dpeg_arrival_fog, layout_rooms
D:2:      layout_rooms, shapermc_ecumenical_altar_starsandcircs, basic_altar,
          kennysheep_generic_room_15
D:3:      layout_rooms, lemuel_doored_altar, elyvilon_altar_5,
          minmay_randomly_rotated_circles, uniq_natasha,
          uniq_crazy_yiuf_cottage, uniq_ijyb, uniq_terence
D:4:      layout_gridville, chequers_serial_rivers_room_a, uniq_blork_the_orc
D:5:      layout_basic, lemuel_tele_altar, lemuel_round_altar,
          minmay_temple_entry_junction_2, nicolae_elemental_shop,
          lightli_church_of_beogh, uniq_edmund, uniq_pikel
D:6:      layout_gridville, kennysheep_okawaru_gauntlet,
          gammafunk_temple_overflow_statue, ebering_ghost_sewer_f,
          minmay_between, uniq_prince_ribbit1, uniq_eustachio
Temple:   jpeg_temple_alley_garden

Skill      XL: |  1  2  3  4  5  6  7  8 |
---------------+-------------------------+-----
Unarmed Combat | 1 2 3 4 5 6 8 10 | 10.0
Throwing       | 4 5 6 |  6.0
Fighting       | |  1.5
Dodging        | |  1.5
Stealth        | |  0.3

Action                   |  1- 3 |  4- 6 |  7- 9 || total
-------------------------+-------+-------+-------++-------
Melee: Unarmed           |    82 |   151 |   164 ||   397
       Punch             |     1 |     3 |     7 ||    11
Throw: Large rock        |     2 |       |     5 ||     7
       Throwing net      |       |     1 |     1 ||     2
  Use: Scroll            |     1 |    10 |     3 ||    14
 Stab: Sleeping          |     2 |     2 |     5 ||     9
       Held in net/web   |       |     1 |       ||     1
       Distracted        |       |     2 |       ||     2
Armor: Robe              |    29 |    30 |    31 ||    90
Dodge: Dodged            |    37 |    49 |   117 ||   203

Table legend: (Time is in decaauts)
 A = Elapsed time spent in this place.
 B = Non-inter-level travel time spent in this place.
 C = Inter-level travel time spent in this place.
 D = Time resting spent in this place.
 E = Time spent auto-exploring this place.
 F = Levels seen in this place.
 G = Mean time per level.
                   A        B        C        D        E       F      G
               +--------+--------+--------+--------+--------+-----+--------+
         Total |   3693 |   3370 |    323 |     58 |   2367 |   7 |  527.6 |
       Dungeon |   3449 |   3183 |    266 |     55 |   2187 |   6 |  574.8 |
        Temple |    244 |    187 |     57 |      3 |    180 |   1 |  244.0 |
               +--------+--------+--------+--------+--------+-----+--------+

Top non-repeatable levels by time:
     D:5: 1009 daAuts
     D:3: 750 daAuts
     D:4: 574 daAuts
     D:2: 505 daAuts
     D:1: 476 daAuts
  Temple: 244 daAuts
     D:6: 133 daAuts
